 Dungeon Crawl Stone Soup version 0.28.0-53-g5a82cb258f (webtiles) character file.

Game seed: 10515281948374200558

233 MisterFreud the Covert (level 6, 0/53 HPs)
             Began as a Gnoll Delver on July 16, 2022.
             Slain by a mummy (14 damage)
             ... in an ossuary.
             The game lasted 00:03:20 (827 turns).

MisterFreud the Covert (Gnoll Delver)                Turns: 827, Time: 00:03:21

Health: 0/53       AC:  3    Str: 12    XL:     6   Next: 5%
Magic:  8/8        EV: 13    Int: 11    God:
Gold:   0          SH:  0    Dex: 13    Spells: 8/8 levels left

rFire   . . .      SeeInvis .   a - +0 short sword
rCold   . . .      Faith    .   (no shield)
rNeg    . . .      Spirit   .   b - +0 leather armour
rPois   .          Reflect  .   (no helmet)
rElec   .          Harm     .   (no cloak)
rCorr   .          Rampage  .   (no gloves)
Will    .....                   (no boots)
Stlth   ++++......              (no amulet)
HPRegen 0.17/turn               (no ring)
MPRegen 0.11/turn               (no ring)

@: no status effects
A: fangs 1, strong nose, distributed training
a: no special abilities


You were in an ossuary.
You visited 1 branch of the dungeon, and saw 3 of its levels.
You also visited: Ossuary.

Inventory:

Hand Weapons
 a - a +0 short sword (weapon)
Armour
 b - a +0 leather armour (worn)
Jewellery
 d - an amulet of guardian spirit
Wands
 g - a wand of digging (3)
Scrolls
 c - a scroll of fog
 h - a scroll of teleportation {unknown}
Potions
 e - a potion of might {unknown}
 f - a potion of haste


   Skills:
 + Level 6.7 Fighting
 + Level 4.9 Short Blades
 + Level 1.7 Long Blades
 + Level 1.7 Axes
 + Level 1.7 Maces & Flails
 + Level 1.7 Polearms
 + Level 1.7 Staves
 + Level 1.7 Slings
 + Level 1.7 Bows
 + Level 1.7 Crossbows
 + Level 1.7 Throwing
 + Level 1.7 Armour
 + Level 4.9 Dodging
 + Level 9.7 Stealth
 + Level 1.7 Shields
 + Level 1.7 Unarmed Combat
 + Level 1.7 Spellcasting
 + Level 1.3 Conjurations
 + Level 1.3 Hexes
 + Level 1.3 Summonings
 + Level 1.3 Necromancy
 + Level 1.3 Translocations
 + Level 1.3 Transmutations
 + Level 1.3 Fire Magic
 + Level 1.3 Ice Magic
 + Level 1.3 Air Magic
 + Level 1.3 Earth Magic
 + Level 1.3 Poison Magic
 + Level 2.0 Invocations
 + Level 1.7 Evocations


You had 8 spell levels left.
You didn't know any spells.
Your spell library was empty.

Dungeon Overview and Level Annotations

Branches:
Dungeon (6/15)            Ossuary (1/1)
 Temple: D:4-7

Altars:

Shops:
D:5 *

Annotations:
D:4 Ijyb


Innate Abilities, Weirdness & Mutations

You have very sharp teeth.
Your uncanny sense of smell can sniff out nearby items.
Your experience applies equally to all skills.


Message History

The kobold zombie hits you but does no damage.
The elf zombie barely misses you.
The kobold zombie hits you but does no damage.
You hit the kobold zombie.
The kobold zombie is moderately damaged.
The kobold zombie hits you.
You hit the kobold zombie. Your bite misses the kobold zombie.
The kobold zombie is almost destroyed.
The kobold zombie closely misses you.
You hit the kobold zombie.
You destroy the kobold zombie!
The kobold zombie barely misses you.
You are too injured to fight recklessly!
You are too injured to fight recklessly!
You barely miss the mummy. The mummy closely misses you.
There is an empty arch of ancient stone here.
The mummy hits you but does no damage.
A goblin zombie comes into view.
The kobold zombie hits you.
You barely miss the kobold zombie.
The kobold zombie is heavily damaged.
The elf zombie hits you. The kobold zombie barely misses you.
You are too injured to fight recklessly!
You are too injured to fight recklessly!
You hit the kobold zombie.
You destroy the kobold zombie!
The elf zombie closely misses you. The elf zombie hits you.
The hobgoblin zombie hits you.
* * * LOW HITPOINT WARNING * * *
The elf zombie hits you!
* * * LOW HITPOINT WARNING * * *
The hobgoblin zombie hits you.
* * * LOW HITPOINT WARNING * * *
A goblin zombie is nearby!
The elf zombie barely misses you. The goblin zombie closely misses you.
The mummy hits you!
You die...

.# ∆ #...# .# #...#
.# ....+####...# Z#
#.∩.....#...# Z#
∆∆∆#...... #...# .#
∆∆#...Z. #.Z.# .#
###.... #.Z.# .#
..... #...# .# #^.#
#M@.# .# #^.# #...#
.# #..# #...#
.######..######...#
..................#
...Z..8..8........#
..................#
..................#
###################


You could see a mummy, a goblin zombie and an elf zombie.

Vanquished Creatures
  A black bear (D:5)
  2 bullfrog zombies (D:5)
  A centaur zombie (Ossuary)
  An adder (D:4)
  2 adder zombies (Ossuary)
  2 orcs (D:5)
  5 hobgoblin zombies (Ossuary)
  A jackal zombie (Ossuary)
  10 kobold zombies (Ossuary)
  8 orc zombies (Ossuary)
33 creatures vanquished.

Notes
Turn   | Place    | Note
-------+----------+-------------------------------------------
     0 | D:5      | Reached skill level 9 in Stealth
     0 | D:5      | MisterFreud the Gnoll Delver began the quest for the Orb.
     0 | D:5      | Reached XP level 1. HP: 23/23 MP: 1/1
    18 | D:5      | Noticed a black bear
    24 | D:5      | Found Camuiqow's General Store.
    26 | D:5      | Killed a black bear
    27 | D:5      | Reached skill level 1 in Long Blades
    27 | D:5      | Reached skill level 1 in Axes
    27 | D:5      | Reached skill level 1 in Maces & Flails
    27 | D:5      | Reached skill level 1 in Polearms
    27 | D:5      | Reached skill level 1 in Staves
    27 | D:5      | Reached skill level 1 in Slings
    27 | D:5      | Reached skill level 1 in Bows
    27 | D:5      | Reached skill level 1 in Crossbows
    27 | D:5      | Reached skill level 1 in Throwing
    27 | D:5      | Reached skill level 1 in Armour
    27 | D:5      | Reached skill level 1 in Shields
    27 | D:5      | Reached skill level 1 in Unarmed Combat
    27 | D:5      | Reached skill level 1 in Spellcasting
    27 | D:5      | Reached skill level 1 in Conjurations
    27 | D:5      | Reached skill level 1 in Hexes
    27 | D:5      | Reached skill level 1 in Summonings
    27 | D:5      | Reached skill level 1 in Necromancy
    27 | D:5      | Reached skill level 1 in Translocations
    27 | D:5      | Reached skill level 1 in Transmutations
    27 | D:5      | Reached skill level 1 in Fire Magic
    27 | D:5      | Reached skill level 1 in Ice Magic
    27 | D:5      | Reached skill level 1 in Air Magic
    27 | D:5      | Reached skill level 1 in Earth Magic
    27 | D:5      | Reached skill level 1 in Poison Magic
    27 | D:5      | Reached skill level 1 in Invocations
    27 | D:5      | Reached skill level 1 in Evocations
    27 | D:5      | Reached XP level 2. HP: 29/29 MP: 1/3
    27 | D:5      | Reached XP level 3. HP: 35/35 MP: 1/4
    27 | D:5      | Reached XP level 4. HP: 41/41 MP: 1/5
    42 | D:5      | Reached XP level 5. HP: 44/47 MP: 2/7
    52 | D:4      | Noticed Ijyb
   171 | D:5      | Found a sand-covered staircase.
   179 | Ossuary  | Entered an ossuary
   625 | Ossuary  | Reached XP level 6. HP: 11/53 MP: 8/8
   827 | Ossuary  | Slain by a mummy

Illustrated notes

Levels and vault maps discovered:
D:4:      layout_layer_cave, makhleb_altar_promises_db, grunt_ministairs_10,
          uniq_ijyb
D:5:      layout_loops_ring, gammafunk_ghost_grave, enter_ossuary_4,
          serial_shops, shop
D:6:      layout_cave_pools, minmay_tree_intersection
Ossuary:  ossuary_tomb_1

Skill      XL: |  1  2  3  4  5 |
---------------+----------------+-----
Stealth        | |  9.7
Long Blades    | 1 |  1.7
Axes           | 1 |  1.7
Maces & Flails | 1 |  1.7
Polearms       | 1 |  1.7
Staves         | 1 |  1.7
Slings         | 1 |  1.7
Bows           | 1 |  1.7
Crossbows      | 1 |  1.7
Throwing       | 1 |  1.7
Armour         | 1 |  1.7
Shields        | 1 |  1.7
Unarmed Combat | 1 |  1.7
Spellcasting   | 1 |  1.7
Conjurations   | 1 |  1.3
Hexes          | 1 |  1.3
Summonings     | 1 |  1.3
Necromancy     | 1 |  1.3
Translocations | 1 |  1.3
Transmutations | 1 |  1.3
Fire Magic     | 1 |  1.3
Ice Magic      | 1 |  1.3
Air Magic      | 1 |  1.3
Earth Magic    | 1 |  1.3
Poison Magic   | 1 |  1.3
Invocations    | 1 2 |  2.0
Evocations     | 1 |  1.7
Fighting       | |  6.7
Short Blades   | |  4.9
Dodging        | |  4.9

Action                   |  1- 3 |  4- 6 || total
-------------------------+-------+-------++-------
Melee: Short sword       |     1 |   158 ||   159
       Bite              |       |    18 ||    18
       Punch             |       |     3 ||     3
  Use: Scroll            |     1 |     1 ||     2
 Stab: Sleeping          |     1 |     3 ||     4
Armor: Leather armour    |       |    43 ||    43
Dodge: Dodged            |       |   126 ||   126
